 Dungeon Crawl Stone Soup version 0.20-a0 (console) character file.

17745 brucemayne the Severer (level 12, 0/91 HPs)
             Began as a Demonspawn Berserker on Oct 27, 2016.
             Was an Elder of Trog.
             Slain by a deep elf knight
             ... wielding a +0 short sword
              (15 damage)
             ... on level 1 of the Orcish Mines.
             The game lasted 00:30:22 (4614 turns).

brucemayne the Severer (Demonspawn Berserker)       Turns: 4614, Time: 00:30:23

Health: 0/91       AC: 19    Str: 23    XL:     12   Next: 21%
Magic:  12/12      EV:  7    Int:  9    God:    Trog [****..]
Gold:   450        SH:  5    Dex: 14    Spells: 0 memorised, 11 levels left

rFire  . . .     SeeInvis .     A - +0 battleaxe
rCold  + . .     Gourm    .     C - +0 plate armour
rNeg   . . .     Faith    .     (shield currently unavailable)
rPois  .         Spirit   .     (helmet restricted)
rElec  +         Reflect  +     u - +2 cloak {MR+}
rCorr  .         Harm     .     (no gloves)
MR     +++..                    n - +0 pair of boots
Stlth  ..........               w - +5 amulet of reflection
                                (no ring)
                                m - ring of Husy {rElec rC+ Slay+2 Stlth-}

@: exhausted, regenerating
A: antennae 1, thin metallic scales 2, agile 1, demonic guardian 1, nightstalker
1
a: Berserk, Trog's Hand, Brothers in Arms, Burn Spellbooks, Renounce Religion


You were on level 1 of the Orcish Mines.
You worshipped Trog.
Trog was greatly pleased with you.
You were not hungry.

You visited 2 branches of the dungeon, and saw 13 of its levels.
You also visited: Bailey.

You collected 450 gold pieces.

Inventory:

Hand Weapons
 a - a +0 hand axe
 o - a +1 mace of protection
 t - the +8 mace of the Head {speed, +Inv}
   (You found it on level 5 of the Dungeon)

   Attacks with this weapon are significantly faster.
   It lets you turn invisible.
 A - a +0 battleaxe (weapon)
 F - a +4 hand axe
 G - a +0 war axe
Missiles
 B - 5 tomahawks (quivered)
 M - a throwing net
Armour
 b - a +0 animal skin
 d - a +0 helmet
 j - a +0 ring mail
 n - a +0 pair of boots (worn)
 p - a +0 scale mail
 u - a +2 cloak of magic resistance (worn)
 C - a +0 plate armour (worn)
 O - +0 mottled dragon scales
 P - a +0 troll leather armour
Jewellery
 m - the ring of Husy (left hand) {rElec rC+ Slay+2 Stlth-}
   (You found it on level 4 of the Dungeon)

   [ring of loudness]

   It affects your accuracy and damage with ranged weapons and melee attacks
   (+2).
   It protects you from cold.
   It insulates you from electricity.
   It makes you less stealthy.
 s - an uncursed amulet of guardian spirit
 w - a +5 amulet of reflection (around neck)
 y - an uncursed amulet of rage
Wands
 l - a wand of iceblast (4/15)
 r - a wand of polymorph (0/24)
 z - a wand of iceblast (6/15)
Scrolls
 g - a scroll of immolation
 v - 5 scrolls of remove curse
 N - a scroll of fog {unknown}
Potions
 e - a potion of curing
 f - a potion of degeneration
 h - a potion of cancellation {unknown}
 i - a potion of haste {unknown}
 k - a potion of lignification {unknown}
 q - a potion of invisibility {unknown}
 x - a potion of might {unknown}
 D - 2 potions of cure mutation
 E - a potion of agility
 H - a potion of experience {unknown}
 K - a potion of beneficial mutation {unknown}
Miscellaneous
 I - a phial of floods
 J - a disc of storms
Comestibles
 c - 2 bread rations


   Skills:
 - Level 7.2 Fighting
 + Level 16.1 Axes
 - Level 5.0 Armour
 - Level 1.7 Dodging


You had 11 spell levels left.
You didn't know any spells.

Dungeon Overview and Level Annotations

Branches:
Dungeon (12/15)               Orc (1/2) D:12
 Temple: D:4-7         Lair: D:8-11

Altars:
Ashenzari
The Shining One


Innate Abilities, Weirdness & Mutations

You have a pair of small antennae on your head.
You are mostly covered in thin metallic scales. (AC +3)
A weak demonic guardian rushes to your aid.
You are slightly more attuned to the shadows.
You are agile. (Dex +2)


Message History

Your ogre rages.
Something hits your ogre!!
Your ogre dies!
Your ogre's corpse disappears in a puff of smoke!
You feel sick.
You feel yourself speed up.
You feel sick.
You hear some strange, mumbled words.
A shard of ice appears from out of thin air!
The shard of ice hits you! You partially resist.
* * * LOW HITPOINT WARNING * * *
You feel sick.
You are no longer poisoned.
A deep elf knight appears from thin air!
Reactivating autopickup.
The deep elf knight hits you but does no damage.
Your ogre goes berserk!
You feel somewhat more hungry.
The deep elf knight hits you with a short sword!
You die...

##.#..###...5##
##...).......##
#...##......##
###.........###
##.#...........##
#.......#..#....#
##...##...###.O.#
#...#........5##
##..........e@.#
#.....#.##...###
##.#.####....#
##...##....##
##..####.###
#...# ## ###'##
####8.8###
#..))....#


You could see a deep elf knight, a friendly ogre (berserk) and a friendly white
imp.

Vanquished Creatures
  An orc warlord (Bailey)
  A centaur warrior (D:12)
  An orc high priest (Orc:1)
  2 hill giants (D:10)
  An orc knight (Bailey)
  2 deep elf magi
  2 ugly things (D:11)
  An orc sorcerer (Orc:1)
  A centaur skeleton (D:10)
  2 trolls
  5 slime creatures (D:12)
  3 hippogriffs
  A wraith (D:12)
  15 yaks
  A mottled dragon (D:12)
  A soldier ant (D:10)
  2 ice beasts
  A sky beast (D:12)
  A black bear (D:6)
  A hornet zombie (D:11)
  21 orc warriors
  3 phantoms
  An ogre (Orc:1)
  2 centaurs
  A big kobold (D:10)
  A bullfrog (D:10)
  A wyvern zombie (D:12)
  A scorpion (D:7)
  4 killer bees
  10 wights
  4 howler monkeys
  A crimson imp (D:12)
  A jelly (D:9)
  8 hounds
  Crazy Yiuf (D:5)
  6 orc priests
  3 iguanas
  13 orc wizards
  Natasha (D:4)
  14 worker ants
  A hound skeleton (D:4)
  Robin (D:2)
  A worker ant zombie (D:7)
  13 gnolls
  7 adders
  5 shadow imps
  A white imp (D:12)
  2 adder skeletons
  An adder zombie (D:6)
  2 dart slugs
  A leopard gecko (D:6)
  38 orcs
  A giant cockroach (D:6)
  24 goblins
  14 hobgoblins
  3 jackals (D:10)
  7 kobolds (D:10)
  2 quokkas
  A frilled lizard (D:4)
  A hobgoblin zombie (D:5)
  A quokka zombie (D:7)
  3 rats
272 creatures vanquished.

Vanquished Creatures (collateral kills)
  An orc warlord (Orc:1)
  A deep elf mage (Orc:1)
  An orc knight (Orc:1)
  2 orc sorcerers (Orc:1)
  A troll (Orc:1)
  A hippogriff (D:9)
  2 yaks
  2 soldier ants (D:10)
  2 orc warriors (Orc:1)
  An ice beast (D:12)
  2 ogres
  2 bullfrogs
  A killer bee (D:9)
  A wight (D:12)
  A bullfrog skeleton (D:7)
  Natasha (D:4)
  2 orc wizards
  4 worker ants
  A gnoll (Bailey)
  5 orcs
  A hobgoblin (Bailey)
  A jackal (D:10)
36 creatures vanquished.

Vanquished Creatures (others)
  9 plants (D:9)
9 creatures vanquished.

Grand Total: 317 creatures vanquished

Notes
Turn   | Place    | Note
-------+----------+-------------------------------------------
     0 | D:1      | brucemayne the Demonspawn Berserker began the quest for the Orb.
     0 | D:1      | Reached XP level 1. HP: 18/18 MP: 1/1
    98 | D:2      | Noticed Robin
    99 | D:2      | Reached skill level 3 in Axes
   116 | D:2      | Gained mutation: A weak demonic guardian rushes to your aid. [demonic ancestry]
   116 | D:2      | Reached XP level 2. HP: 24/24 MP: 2/2
   121 | D:2      | Killed Robin
   134 | D:2      | Reached XP level 3. HP: 29/29 MP: 3/3
   186 | D:2      | Reached skill level 4 in Axes
   296 | D:3      | Reached XP level 4. HP: 24/35 MP: 4/4
   317 | D:4      | Reached ** piety under Trog
   319 | D:4      | Reached skill level 5 in Axes
   366 | D:4      | Noticed Natasha
   380 | D:4      | Killed Natasha
   380 | D:4      | Gained mutation: You are partially covered in thin metallic scales. (AC +2) [demonic ancestry]
   380 | D:4      | Reached XP level 5. HP: 25/41 MP: 5/5
   427 | D:4      | Got a faintly glowing iron ring
   428 | D:4      | Identified the ring of Husy {rElec rC+ Slay+2 Stlth-} (You found it on level 4 of the Dungeon)
   479 | D:4      | Noticed Natasha
   483 | D:4      | Noticed an ogre
   487 | D:4      | Killed Natasha
   493 | D:4      | Reached skill level 6 in Axes
   497 | D:4      | Killed an ogre
   497 | D:4      | Reached XP level 6. HP: 10/47 MP: 6/6
   770 | D:5      | Entered Level 5 of the Dungeon
   855 | D:5      | Reached skill level 7 in Axes
   882 | D:5      | Got an iridescent mace
   884 | D:5      | Found a runed door.
   888 | D:5      | Noticed Crazy Yiuf
   892 | D:5      | Killed Crazy Yiuf
   984 | D:6      | Gained mutation: You are mostly covered in thin metallic scales. (AC +3) [demonic ancestry]
   984 | D:6      | Reached XP level 7. HP: 48/52 MP: 5/7
  1046 | D:6      | Reached skill level 8 in Axes
  1365 | D:7      | Reached *** piety under Trog
  1441 | D:7      | Reached skill level 9 in Axes
  1441 | D:7      | Reached XP level 8. HP: 53/58 MP: 8/8
  1736 | D:8      | Found a shattered altar of Ashenzari.
  1874 | D:8      | Reached skill level 10 in Axes
  1997 | D:8      | Found a flagged portal.
  2013 | Bailey   | Entered a bailey
  2041 | Bailey   | Identified the +8 mace of the Head {speed, +Inv} (You found it on level 5 of the Dungeon)
  2123 | Bailey   | Reached **** piety under Trog
  2263 | Bailey   | Reached XP level 9. HP: 64/64 MP: 6/9
  2266 | Bailey   | Reached skill level 11 in Axes
  2470 | Bailey   | Noticed an orc warlord
  2490 | Bailey   | Noticed an orc knight
  2500 | Bailey   | Killed an orc warlord
  2526 | Bailey   | Reached skill level 12 in Axes
  2560 | Bailey   | Reached XP level 10. HP: 77/77 MP: 8/10
  2622 | Bailey   | HP: 5/115 [orc knight/battleaxe (14)]
  2624 | Bailey   | Killed an orc knight
  2881 | D:10     | Entered Level 10 of the Dungeon
  3233 | D:10     | Reached skill level 5 in Armour
  3287 | D:10     | Reached skill level 13 in Axes
  3421 | D:11     | Gained mutation: You have a pair of small antennae on your head. [demonic ancestry]
  3421 | D:11     | Reached XP level 11. HP: 84/84 MP: 11/11
  3666 | D:11     | Found a glowing golden altar of the Shining One.
  3668 | D:11     | Noticed a green ugly thing
  3669 | D:11     | Noticed a purple ugly thing
  3687 | D:11     | Killed a purple ugly thing
  3688 | D:11     | Killed a purple ugly thing
  3727 | D:10     | Noticed a hill giant
  3739 | D:10     | Killed a hill giant
  3739 | D:10     | Reached skill level 14 in Axes
  3764 | D:10     | Noticed a hill giant
  3799 | D:10     | Killed a hill giant
  3934 | D:12     | Noticed a centaur warrior
  3949 | D:12     | Killed a centaur warrior
  3955 | D:12     | Noticed a seven-headed hydra
  4031 | D:12     | Reached ***** piety under Trog
  4190 | D:12     | Gained mutation: You are agile. (Dex +2) [mutagenic meat]
  4213 | D:12     | Reached skill level 15 in Axes
  4327 | D:12     | Noticed a deep elf mage
  4344 | D:12     | Killed a deep elf mage
  4356 | D:12     | Received a gift from Trog
  4398 | D:12     | Found a staircase to the Orcish Mines.
  4410 | Orc:1    | Entered Level 1 of the Orcish Mines
  4411 | Orc:1    | Noticed an orc sorcerer
  4414 | Orc:1    | Killed an orc sorcerer
  4495 | Orc:1    | Noticed an orc warlord
  4495 | Orc:1    | Noticed an orc sorcerer
  4495 | Orc:1    | Noticed an orc high priest
  4495 | Orc:1    | Noticed an orc knight
  4495 | Orc:1    | Noticed an orc sorcerer
  4496 | Orc:1    | Noticed a deep elf knight
  4497 | Orc:1    | Noticed a deep elf mage
  4531 | Orc:1    | Killed an orc warlord
  4531 | Orc:1    | Gained mutation: You are slightly more attuned to the shadows. [demonic ancestry]
  4531 | Orc:1    | Reached XP level 12. HP: 83/91 MP: 12/12
  4537 | Orc:1    | Killed an orc high priest
  4581 | Orc:1    | Reached skill level 16 in Axes
  4614 | Orc:1    | Slain by a deep elf knight

Vault maps used:
D:1:      dpeg_arrival_chase
D:2:      minmay_diamond_boxcup, ecumenical_altar_2, first_bread, uniq_robin,
          uniq_jessica, uniq_sigmund
D:3:      uniq_grinder
D:4:      minmay_ogre_servants, uniq_natasha
D:5:      nicolae_ossuary_entry_giza, nemelex_xobeh_ov_fountains_minmay,
          uniq_crazy_yiuf_cottage
D:8:      basic_altar, enter_bailey_2
D:9:      kennysheep_big_flooded_room, david_lair_shrubbed, basic_altar,
          david_nohive_1, grunt_decor_resistance
D:10:     zaba_anthell
D:11:     basic_altar
D:12:     erik_orc_2, ice2_lemuel
Orc:1:    elf_legates
Bailey:   bailey_axe_minmay_hex_keep, bailey

Skill      XL: |  1  2  3  4  5  6  7  8  9 10 11 12 |
---------------+-------------------------------------+-----
Axes           | 3 4 5 6 7 9 10 12 13 15 16 | 16.1
Fighting       | 6 7 |  7.2
Armour         | 5 |  5.0
Dodging        | |  1.7

Action                   |  1- 3 |  4- 6 |  7- 9 | 10-12 || total
-------------------------+-------+-------+-------+-------++-------
Melee: Hand axe          |    61 |    99 |   181 |       ||   341
       War axe           |       |       |   174 |    17 ||   191
       Battleaxe         |       |       |       |   408 ||   408
Invok: Berserk           |       |     4 |     6 |    12 ||    22
       Trog's Hand       |       |     2 |     8 |    15 ||    25
       Brothers in Arms  |       |       |     1 |     3 ||     4
Evoke: Wand              |       |       |       |     4 ||     4
  Use: Scroll            |       |     3 |     5 |     7 ||    15
       Potion            |       |       |     2 |     2 ||     4
 Stab: Distracted        |     1 |     1 |     2 |     5 ||     9
  Eat: Chunk             |       |     5 |    13 |    17 ||    35
       Royal jelly       |       |       |     1 |       ||     1
       Meat ration       |       |       |       |     1 ||     1
       Bread ration      |       |       |       |     1 ||     1
Armor: Animal skin       |    10 |       |       |       ||    10
       Ring mail         |     2 |    29 |       |       ||    31
       Scale mail        |       |     9 |    72 |       ||    81
       Plate armour      |       |       |    94 |   245 ||   339
Dodge: Dodged            |    43 |    49 |   112 |   134 ||   338
Block: Other             |       |       |       |    63 ||    63
       Reflection        |       |       |       |     3 ||     3
